 Dungeon Crawl Stone Soup version 0.29.1-12-g30fa7ad0bf (webtiles) character file.

Game seed: 3668019793711037216

1357 funkygono the Firebug (level 8, -11/53 HPs)
             Began as a Demonspawn Fire Elementalist on Jan 3, 2023.
             Killed from afar by an electric eel (12 damage)
             ... with a bolt of electricity
             ... on level 6 of the Dungeon.
             The game lasted 00:09:16 (7499 turns).

funkygono the Firebug (DsFE)                        Turns: 7499, Time: 00:09:16

Health: -11/53     AC:  5    Str:  9    XL:     8   Next: 37%
Magic:  16/17      EV: 12    Int: 18    God:
Gold:   427        SH:  0    Dex: 16    Spells: 4/19 levels left

rFire   . . .      SeeInvis .   t - +2 whip (venom)
rCold   . . .      Faith    .   (no shield)
rNeg    . . .      Spirit   .   a - +0 robe
rPois   +          Reflect  .   i - +0 helmet
rElec   .          Harm     .   k - +0 cloak
rCorr   .          Rampage  .   p - +0 pair of gloves
Will    .....                   (no boots)
Stlth   ++........              (no amulet)
HPRegen 0.17/turn               v - ring of poison resistance
MPRegen 0.15/turn               (no ring)

@: very slow
A: thin skeletal structure 1, demonic guardian 3
a: no special abilities


You were on level 6 of the Dungeon.
You visited 2 branches of the dungeon, and saw 7 of its levels.

You collected 427 gold pieces.

Inventory:

Hand Weapons
 d - a +0 short sword
 f - a +0 dagger of freezing
 h - a +0 whip
 t - a +2 whip of venom (weapon)
 u - a +1 mace of protection
Armour
 a - a +0 robe (worn)
 i - a +0 helmet (worn)
 j - a +0 ring mail
 k - a +0 cloak (worn)
 l - a +2 scale mail of fire resistance
 p - a +0 pair of gloves (worn)
Jewellery
 v - a ring of poison resistance (left hand)
Wands
 o - a wand of flame (41)
Scrolls
 c - 4 scrolls of teleportation
 m - a scroll of acquirement {unknown}
 y - 2 scrolls of identify
 A - a scroll of fear {unknown}
Potions
 b - 4 potions of magic
 e - a potion of haste {unknown}
 g - 8 potions of curing
 n - a potion of resistance {unknown}
 q - 2 potions of attraction
 r - a potion of ambrosia {unknown}
 s - a potion of invisibility {unknown}
 w - 2 potions of heal wounds {unknown}
 x - 2 potions of might {unknown}
 z - 2 potions of flight {unknown}
 B - a potion of brilliance {unknown}


   Skills:
 + Level 0.5 Fighting
 + Level 0.8 Maces & Flails
 + Level 2.2 Dodging
 - Level 1.7 Stealth
 + Level 6.2 Spellcasting
 + Level 4.5 Conjurations
 + Level 6.2 Fire Magic


You had 4 spell levels left.
You knew the following spells:

 Your Spells              Type           Power      Damage    Failure   Level
a - Foxfire               Conj/Fire      96%        2x1d8     1%          1
b - Scorch                Fire           56%        2d7       1%          2
c - Conjure Flame         Conj/Fire      24%        6-21      3%          3
d - Flame Wave            Conj/Fire      24%        2d8       13%         4
e - Searing Ray           Conj           42%        2d6       2%          2
f - Stone Arrow           Conj/Erth      26%        3d8       14%         3

Your spell library contained the following spells:

 Spells                   Type           Power      Damage    Failure   Level
 Magic Dart               Conj           84%        1d7       1%          1
 Inner Flame              Hex/Fire       16%        N/A       10%         3
 Sandblast                Erth           10%        2d5       12%         1
 Sticky Flame             Conj/Fire      24%        2d5       13%         4
 Ignite Poison            Fire/Tmut/Pois 13%        N/A       16%         3
 Passwall                 Tmut/Erth      4%         N/A       19%         2
 Fulminant Prism          Conj/Hex       6%         3d7       43%         4


Dungeon Overview and Level Annotations

Branches:
Dungeon (6/15)             Temple (1/1) D:5

Altars:
Ashenzari
Dithmenos
Kikubaaqudgha
Makhleb
Okawaru
Ru
Sif Muna
Trog
Uskayaw
Wu Jian
Xom
Yredelemnul

Shops:
D:3 :


Innate Abilities, Weirdness & Mutations

You have a somewhat thin skeletal structure. (Dex +2, Stealth+)
A powerful demonic guardian rushes to your aid.


Message History

Confirm with . or Enter, or press ? or * to list all spells.
You conjure some foxfire!
The electric eel shoots out a bolt of lightning at you!
The bolt of electricity hits the plant!
The plant begins to die.
The bolt of electricity hits your foxfire!
The bolt of electricity hits you!
The electric eel shoots out a bolt of lightning at you!
The bolt of electricity hits the plant!
The bolt of electricity hits your foxfire.
The bolt of electricity hits you.
The foxfire hits the electric eel.
The electric eel is lightly wounded.
The electric eel shoots out a bolt of lightning at you!
The bolt of electricity hits you!
The electric eel is engulfed in a cloud of scalding steam.
The electric eel shoots out a bolt of lightning at you!
The bolt of electricity hits the plant!
The bolt of electricity hits you!
A demonic guardian appears!
Casting: Foxfire (safe; 1% risk of failure)
Confirm with . or Enter, or press ? or * to list all spells.
You conjure some foxfire!
The electric eel is engulfed in a cloud of scalding steam.
Unknown command.
The foxfire hits the electric eel.
You kill the electric eel!
The electric eel shoots out a bolt of lightning at you!
The bolt of electricity hits your foxfire!
The bolt of electricity hits you!
* * * LOW HITPOINT WARNING * * *
A nearby plant withers and dies.
The foxfire hits the electric eel.
The electric eel is lightly wounded.
The electric eel is engulfed in a cloud of scalding steam.
The electric eel shoots out a bolt of lightning at you!
The bolt of electricity hits your soul eater.
The bolt of electricity hits you.
* * * LOW HITPOINT WARNING * * *
The electric eel is engulfed in a cloud of scalding steam.
The electric eel shoots out a bolt of lightning at you!
The bolt of electricity hits you!
You die...

##### ######
#...######8...# P~~≈≈≈
#...'....##...# ~~~≈≈≈
#...###....._.# ♣~§≈S≈≈
#...# #.###...##♣ ~~≈≈≈≈≈
#...###.##8...#.♣♣P≈§≈≈≈≈
#..>+....######.P~~§≈≈≈≈≈
#...###.##..# #.♣~3§≈≈≈≈≈
##### #.##..###.@~P§~≈≈≈≈
#.##..[...♣♣§~≈≈≈≈≈
#.....##..♣♣P♣≈≈≈≈≈
####..##..~♣~~~≈≈≈≈
#.....##...~~~~≈≈≈≈
#.##.###...P~~~~~~≈
#.##!# ##..~♣~~~~~P♣~
#....# #..~~~~~♣~P~♣
###### #...♣♣~~P~~~~


You could see an electric eel (ally target) and a friendly soul eater
(summoned).

Vanquished Creatures
  Prince Ribbit (D:5)
  Sigmund (D:4)
  Menkaure (D:5)
  An ice beast (D:5)
  A phantom (D:5)
  2 scorpions (D:5)
  The ghost of diceflayer the Shooter, a weakling DsHu (D:3)
  2 electric eels (D:6)
  2 hounds (D:5)
  2 jellies (D:5)
  An orc priest (D:4)
  Jessica (D:2)
  3 iguanas
  2 adders (D:2)
  A shadow imp (D:6)
  A white imp (D:6)
  4 worms
  A dart slug (D:1)
  13 orcs
  10 endoplasms
  10 goblins
  13 hobgoblins
  11 kobolds
  2 quokkas (D:4)
  7 ball pythons
  11 bats
  2 frilled lizards
  4 rats
111 creatures vanquished.

Vanquished Creatures (collateral kills)
  A phantom (D:6)
  Terence (D:3)
  A dart slug (D:3)
  A goblin (D:3)
  A hobgoblin (D:2)
  5 foxfires
10 creatures vanquished.

Vanquished Creatures (others)
  365 foxfires
  5 plants (D:6)
370 creatures vanquished.

Grand Total: 491 creatures vanquished

Notes
Turn   | Place    | Note
-------+----------+-------------------------------------------
     0 | D:1      | funkygono the Demonspawn Fire Elementalist began the quest
                  | for the Orb.
     0 | D:1      | Reached XP level 1. HP: 13/13 MP: 3/3
   418 | D:1      | Gained mutation: A weak demonic guardian rushes to your
                  | aid. [demonic ancestry]
   418 | D:1      | Reached XP level 2. HP: 19/19 MP: 1/5
   687 | D:1      | Learned a level 2 spell: Scorch
  1406 | D:1      | Gained mutation: A demonic guardian rushes to your aid.
                  | [demonic ancestry]
  1406 | D:1      | Reached XP level 3. HP: 24/24 MP: 3/6
  1410 | D:1      | Learned a level 3 spell: Conjure Flame
  1652 | D:2      | Noticed Jessica
  1657 | D:2      | Killed Jessica
  1921 | D:2      | Gained mutation: A powerful demonic guardian rushes to your
                  | aid. [demonic ancestry]
  1921 | D:2      | Reached XP level 4. HP: 30/30 MP: 5/8
  3294 | D:3      | Noticed Terence
  3303 | D:3      | Found a runed translucent gate.
  3303 | D:3      | Found a runed translucent gate.
  3303 | D:3      | Found a runed translucent gate.
  3305 | D:3      | Killed Terence
  3510 | D:3      | Found Qomn's Book Shop.
  3512 | D:3      | Noticed diceflayer's ghost (weakling DsHu)
  3629 | D:3      | Found a faded altar of an unknown god.
  3856 | D:3      | Reached XP level 5. HP: 35/35 MP: 6/9
  4721 | D:3      | Killed diceflayer's ghost
  4917 | D:3      | Learned a level 4 spell: Flame Wave
  5369 | D:4      | Noticed Sigmund
  5378 | D:4      | Killed Sigmund
  5379 | D:4      | Reached XP level 6. HP: 35/42 MP: 2/12
  5794 | D:4      | Found an ancient bone altar of Kikubaaqudgha.
  5965 | D:5      | Entered Level 5 of the Dungeon
  5965 | D:5      | Found a staircase to the Ecumenical Temple.
  5980 | Temple   | Entered the Ecumenical Temple
  6178 | D:5      | Noticed an ice beast
  6185 | D:5      | Killed an ice beast
  6186 | D:5      | Reached skill level 5 in Fire Magic
  6186 | D:5      | Gained mutation: You have a somewhat thin skeletal
                  | structure. (Dex +2, Stealth+) [demonic ancestry]
  6186 | D:5      | Reached XP level 7. HP: 47/47 MP: 5/14
  6497 | D:5      | Reached skill level 5 in Spellcasting
  6562 | D:5      | Noticed Prince Ribbit
  6567 | D:5      | Killed Prince Ribbit
  6749 | D:5      | Noticed Menkaure
  6755 | D:5      | Killed Menkaure
  6756 | D:5      | Reached XP level 8. HP: 53/53 MP: 9/16
  7046 | D:5      | Learned a level 2 spell: Searing Ray
  7050 | D:5      | Learned a level 3 spell: Stone Arrow
  7125 | D:6      | Found a broken altar of Ashenzari.
  7328 | D:6      | Found a bloodstained altar of Trog.
  7459 | D:6      | Found an ornate altar of the Wu Jian Council.
  7499 | D:6      | HP: 1/53 [electric eel/bolt of electricity (5)]
  7499 | D:6      | Killed from afar by an electric eel

Illustrated notes

Levels and vault maps discovered:
D:1:      shiori_shiawase, layout_loops_corners, minmay_3d_cube
D:2:      layout_basic, grunt_ministairs_4, minmay_misc_feat_enclosed,
          uniq_jessica
D:3:      corexii_shack_village, layout_loops_ring,
          hellmonk_ecumenical_altar_lost_god, gammafunk_ghost_split,
          serial_shops, shop, chequers_decorated_corner, uniq_terence
D:4:      layout_rooms, nicolae_kikubaaqudgha_miasma_corner, roderic_lattice_a,
          uniq_sigmund
D:5:      layout_rooms, minmay_temple_entry_stoned_glass, uniq_menkaure,
          uniq_prince_ribbit1
D:6:      layout_basic, mainiacjoe_overflow_alcove_2,
          mainiacjoe_overflow_tiny_flanked, mainiacjoe_overflow_surrounded_room,
          overflow_temple_1_default, serial_bayou_lake_a
Temple:   chequers_temple_sunken

Skill      XL: |  1  2  3  4  5  6  7  8 |
---------------+-------------------------+-----
Fire Magic     | 3 4 5 6 |  6.2
Dodging        | 2 |  2.2
Spellcasting   | 3 4 5 6 |  6.2
Conjurations   | 2 3 4 |  4.5
Fighting       | |  0.5
Maces & Flails | |  0.8
Stealth        | |  1.7

Action                   |  1- 3 |  4- 6 |  7- 9 || total
-------------------------+-------+-------+-------++-------
Melee: Dagger            |     1 |       |       ||     1
       Whip              |       |    11 |     1 ||    12
 Cast: Foxfire           |    52 |   106 |    62 ||   220
       Scorch            |     3 |    25 |     9 ||    37
  Use: Scroll            |       |     7 |     2 ||     9
Armor: Robe              |     2 |     5 |     1 ||     8
Dodge: Dodged            |     9 |    25 |     2 ||    36
